 Dungeon Crawl Stone Soup version 0.29-a0-723-gce39da1c22 (webtiles) character file.

Game seed: 7650996062686655204

7440 buhh the Fighter (level 11, -2/98 HPs)
             Began as an Octopode Transmuter on June 28, 2022.
             Was a Believer of Cheibriados.
             Slain by a wyvern (17 damage)
             ... on level 11 of the Dungeon.
             The game lasted 00:31:27 (16110 turns).

buhh the Fighter (Octopode Transmuter)             Turns: 16110, Time: 00:31:27

Health: -2/98      AC:  3    Str: 14    XL:     11   Next: 15%
Magic:  23/23      EV: 10    Int: 31    God:    Cheibriados [**....]
Gold:   453        SH:  0    Dex: 18    Spells: 4/14 levels left

rFire   x . .      SeeInvis .     - Unarmed
rCold   + + +      Faith    .   (shield currently unavailable)
rNeg    . . .      Spirit   .   (helmet currently unavailable)
rPois   +          Reflect  .   (no amulet)
rElec   .          Harm     .   e - +6 ring of intelligence
rCorr   .          Rampage  .   q - ring of magical power
Will    .....                   (no ring)
Stlth   ++........              (no ring)
HPRegen 0.26/turn               (no ring)
MPRegen 0.18/turn               (no ring)
                                (no ring)
                                (no ring)

@: ice-form, corroded, very slow
A: freezing attack, boosted hp, almost no armour, amphibious, 8 rings, large,
(camouflage 1), (gelatinous body 1), (nimble swimmer 1), (tentacles)
a: End Transformation, Renounce Religion, Bend Time


You were on level 11 of the Dungeon.
You worshipped Cheibriados.
Cheibriados was pleased with you.
You were a creature of crystalline ice.
You visited 2 branches of the dungeon, and saw 12 of its levels.

You collected 541 gold pieces.
You spent 88 gold pieces at shops.

Inventory:

Hand Weapons
 p - the +8 sling of Corruption {vorpal, rC- Dex+4 Stlth+}
   (You found it on level 5 of the Dungeon)

   Any ammunition fired from it inflicts extra damage upon your enemies.
   Dex:       It affects your dexterity (+4).
   rC:        It makes you vulnerable to cold.
   Stlth:     It makes you more stealthy.
Missiles
 a - 3 curare-tipped darts
 c - 21 poisoned darts
 m - a throwing net {!f}
Jewellery
 e - a +6 ring of intelligence (left front paw)
 q - a ring of magical power (right front paw)
 s - a ring of magical power
Wands
 f - a wand of charming (1)
 i - a wand of polymorph (8)
 o - a wand of flame (19)
Scrolls
 d - 2 scrolls of fear {!r}
 k - 3 scrolls of noise
 n - 4 scrolls of vulnerability
 t - 5 scrolls of teleportation {!d}
 F - a scroll of enchant weapon
 T - a scroll of immolation {!d}
 Z - a scroll of enchant armour
Potions
 b - 3 potions of flight {unknown}
 h - 3 potions of degeneration
 j - 2 potions of attraction
 l - a potion of lignification {!d}
 r - a potion of mutation {unknown}
 v - 3 potions of haste {unknown}
 w - a potion of brilliance {unknown}
 H - 3 potions of invisibility {!q!d}
 J - a potion of magic {!q!d}
 L - a potion of resistance {!q!d}


   Skills:
 - Level 10.4 Fighting
 - Level 2.0 Dodging
 - Level 1.0 Stealth
 * Level 5.9 Unarmed Combat
 - Level 2.0 Spellcasting
 * Level 0.3 Conjurations
 - Level 8.0 Transmutations
 - Level 8.0 Ice Magic
 * Level 0.3 Air Magic
 * Level 2.4 Poison Magic
 * Level 5.0 Invocations


You had 4 spell levels left.
You knew the following spells:

 Your Spells              Type           Power      Damage    Failure   Level
a - Beastly Appendage     Tmut           100%       N/A       1%          1
b - Wereblood             Tmut           51%        N/A       1%          2
c - Spider Form           Tmut/Pois      35%        N/A       2%          3
d - Ice Form              Ice/Tmut       51%        N/A       2%          4

Your spell library contained the following spells:

 Spells                   Type           Power      Damage    Failure   Level
 Magic Dart               Conj           16%        1d3       7%          1
 Apportation              Tloc           6%         N/A       8%          1
 Necrotize                Necr           12%        1d4       8%          1
 Slow                     Hex            12%        N/A       8%          1
 Summon Small Mammal      Summ           12%        N/A       8%          1
 Call Imp                 Summ           3%         N/A       11%         2
 Mephitic Cloud           Conj/Pois/Air  9%         N/A       14%         3
 Summon Ice Beast         Ice/Summ       27%        N/A       14%         4
 Confusing Touch          Hex            3%         N/A       22%         3
 Portal Projectile        Hex/Tloc       6%         N/A       22%         3
 Tukima's Dance           Hex            3%         N/A       22%         3
 Vampiric Draining        Necr           3%         2d6       22%         3
 Blade Hands              Tmut           25%        N/A       8%          5
 Summon Forest            Summ/Tloc      1%         N/A       90%         5
 Summon Mana Viper        Hex/Summ       3%         N/A       90%         5
 Summon Cactus Giant      Summ           1%         N/A       100%        6
 Malign Gateway           Summ/Tloc      1%         N/A       100%        7
 Monstrous Menagerie      Summ           1%         N/A       100%        7
 Summon Horrible Things   Summ           1%         N/A       100%        8


Dungeon Overview and Level Annotations

Branches:
Dungeon (11/15) Zot: 37935  Temple (1/1) D:5 Zot: 8764    Lair (0/6) D:11
    Orc (0/2) D:9

Altars:
Ashenzari
Cheibriados
Dithmenos
Elyvilon
Fedhas
Gozag
Hepliaklqana
Kikubaaqudgha
Makhleb
Nemelex Xobeh
Okawaru
Qazlal
Ru
Sif Muna
Trog
Uskayaw
Vehumet
Wu Jian
Xom
Yredelemnul
Zin
The Shining One

Shops:
D:1 ?   D:5 [   D:6 [   D:9 [*[

Annotations:
D:11 Maurice


Innate Abilities, Weirdness & Mutations

You are a creature of crystalline ice.
You have a powerful freezing melee attack.
Your maximum health is increased.
Your armour is entirely melded.
You are incapable of wielding weapons or throwing items.
You cannot wear most types of armour.
You are amphibious.
You can wear up to eight rings at the same time.
((Your skin changes colour to match your surroundings (Stealth+).))
((Your rubbery body absorbs attacks. (AC +1, EV +1)))
((You are camouflaged when in or above water. (Stealth+)))
((You have tentacles for arms and can constrict up to eight enemies at once.))


Message History

The splash of acid hits you!!
You hit the acid dragon but do no damage.
The acid dragon is moderately wounded.
The acid dragon spits acid at you. The splash of acid hits you!!
The acid corrodes you!
You punch the acid dragon! You freeze the acid dragon.
The acid dragon is severely wounded.
The acid dragon bites you! The acid dragon barely misses you.
You hit the acid dragon. You freeze the acid dragon.
The acid dragon is almost dead.
The acid dragon bites you. The acid dragon barely misses you.
You hit the acid dragon. You freeze the acid dragon.
The acid dragon is almost dead.
The acid dragon bites you. The acid dragon barely misses you.
You barely miss the acid dragon.
The acid dragon is almost dead.
The acid dragon closely misses you.
The acid dragon claws you but does no damage.
You barely miss the acid dragon.
The acid dragon is almost dead.
The acid dragon spits acid at you. The splash of acid hits you!!
* * * LOW HITPOINT WARNING * * *
The acid corrodes you!
You hear an angry hiss.
You hit the acid dragon. You freeze the acid dragon.
You kill the acid dragon!
Cheibriados appreciates the change of pace.
Your Invocations skill increases to level 5!
You start resting.
A wyvern is nearby!
A wyvern is nearby!
Okay, then.
Okay, then.
Okay, then.
The wyvern hisses angrily.
You hit the wyvern but do no damage. The wyvern bites you!
* * * LOW HITPOINT WARNING * * *
The wyvern bites you!
You die...

#>)................
#.######..######...
#.##........# ###
#.###.#####.# #.# #
.. #.# #. #.# .#
#.###...# #.Y.....#
#l###..## #.# ...
#.# # #.. ###
...... P...P #
.........>.. ..
'#....♣.....


You could see a wyvern.

Vanquished Creatures
  Pikel (D:7)
  2 unseen horrors
  2 komodo dragons
  2 kobold demonologists (D:11)
  A hornet (D:9)
  A wyvern (D:11)
  2 wraiths (D:11)
  A vampire mosquito (D:11)
  A basilisk (D:11)
  3 acid dragons
  A water moccasin (D:9)
  2 sky beasts
  4 black bears
  4 orc warriors
  An ogre (D:4)
  6 centaurs
  2 phantoms
  2 kobold brigands
  3 bullfrogs
  A necrophage (D:6)
  3 scorpions
  8 wights (D:9)
  5 killer bees (D:9)
  5 howler monkeys
  2 jellies (D:5)
  7 hounds
  5 orc priests
  2 iguanas (D:5)
  Jessica (D:3)
  7 orc wizards
  Natasha (thrice) (D:2)
  Robin (D:2)
  7 adders
  6 gnolls
  A white imp (D:6)
  2 ufetubi
  3 worms
  3 dart slugs
  34 orcs
  4 ball pythons
  6 endoplasms
  6 giant cockroaches
  12 goblins
  13 hobgoblins
  6 jackals (D:2)
  5 quokkas
  10 bats
  4 frilled lizards
  20 kobolds
  7 rats
240 creatures vanquished.

Vanquished Creatures (collateral kills)
  7 orcs
  A rat (D:3)
8 creatures vanquished.

Vanquished Creatures (others)
  A demonspawn (D:1)
  2 octopodes (D:1)
  An elf (D:1)
  A merfolk (D:1)
  A troll (D:1)
  A formicid (D:1)
  A demigod (D:1)
  A naga (D:1)
  2 ogres (D:1)
  A felid (D:1)
  2 mummies (D:1)
  An orc (D:1)
  5 bushes (D:11)
  3 demonic plants (D:2)
  14 fungi
  32 plants
  6 tentacles (D:1)
  2 withered plants (D:2)
77 creatures vanquished.

Grand Total: 325 creatures vanquished

Notes
Turn   | Place    | Note
-------+----------+-------------------------------------------
     0 | D:1      | buhh the Octopode Transmuter began the quest for the Orb.
     0 | D:1      | Reached XP level 1. HP: 13/13 MP: 3/3
     2 | D:1      | Noticed an ogre
     2 | D:1      | Noticed an octopode
     2 | D:1      | Noticed a naga
     2 | D:1      | Noticed an elf
     2 | D:1      | Noticed a formicid
     2 | D:1      | Noticed a demonspawn
     2 | D:1      | Noticed a kraken
     2 | D:1      | Noticed a felid
     2 | D:1      | Noticed a demigod
     2 | D:1      | Noticed a troll
     2 | D:1      | Noticed an octopode
     2 | D:1      | Noticed a merfolk
     2 | D:1      | Noticed an ogre
     4 | D:1      | Killed a felid
     4 | D:1      | Killed an elf
     7 | D:1      | Killed a troll
    10 | D:1      | Killed a demonspawn
    12 | D:1      | Killed an octopode
    13 | D:1      | Killed an octopode
    13 | D:1      | Killed an ogre
    13 | D:1      | Killed an ogre
    15 | D:1      | Killed a naga
    16 | D:1      | Killed a formicid
    16 | D:1      | Killed a merfolk
    16 | D:1      | Killed a demigod
   211 | D:1      | Reached XP level 2. HP: 19/19 MP: 3/5
   321 | D:1      | Reached skill level 2 in Fighting
   656 | D:1      | Reached XP level 3. HP: 25/25 MP: 4/6
   728 | D:1      | Found Ruik's Magic Scroll Boutique.
   754 | D:2      | Reached skill level 3 in Fighting
  1183 | D:2      | Found a faded altar of an unknown god.
  1566 | D:2      | Noticed Robin
  2296 | D:1      | Reached XP level 4. HP: 13/32 MP: 5/7
  2492 | D:1      | Learned a level 2 spell: Wereblood
  2496 | D:1      | Learned a level 3 spell: Spider Form
  2546 | D:2      | Killed Robin
  2547 | D:2      | Reached skill level 4 in Fighting
  2905 | D:2      | Noticed Natasha
  2913 | D:2      | Killed Natasha
  2914 | D:2      | Reached XP level 5. HP: 35/38 MP: 5/8
  3106 | D:2      | You fall into a shaft and drop 1 floor!
  3194 | D:3      | Reached skill level 5 in Fighting
  3748 | D:3      | Reached XP level 6. HP: 33/46 MP: 7/9
  4056 | D:3      | Noticed Jessica
  4069 | D:3      | Killed Jessica
  4070 | D:3      | Reached skill level 6 in Fighting
  4653 | D:2      | Noticed Natasha
  4663 | D:2      | Killed Natasha
  4683 | D:2      | Noticed Natasha
  4698 | D:2      | Killed Natasha
  5714 | D:4      | Reached XP level 7. HP: 52/52 MP: 10/10
  6422 | D:5      | Entered Level 5 of the Dungeon
  6783 | D:5      | Reached XP level 8. HP: 48/57 MP: 9/11
  6832 | D:5      | Found a staircase to the Ecumenical Temple.
  6854 | Temple   | Entered the Ecumenical Temple
  7078 | D:5      | Found Irryggol's Armour Emporium.
  7340 | D:5      | Identified the +8 sling of Corruption {vorpal, rC- Dex+4
                  | Stlth+}
  8136 | D:6      | Learned a level 4 spell: Ice Form
  8943 | D:6      | Found Jixzeth's Antique Armour Emporium.
  9420 | D:7      | Reached XP level 9. HP: 63/63 MP: 12/12
  9618 | D:7      | Found a snail-covered altar of Cheibriados.
  9648 | D:7      | Noticed Pikel
  9671 | D:7      | Became a worshipper of Cheibriados the Contemplative
 10031 | D:7      | Reached skill level 7 in Fighting
 10349 | D:7      | Killed Pikel
 10781 | D:8      | Found a shimmering blue altar of Sif Muna.
 10920 | D:8      | Reached skill level 8 in Fighting
 10989 | D:8      | Found a basalt altar of Yredelemnul.
 10991 | D:8      | Found a radiant altar of Vehumet.
 11569 | D:9      | Reached * piety under Cheibriados
 11577 | D:9      | Reached XP level 10. HP: 27/72 MP: 13/13
 12075 | D:9      | Found Etorik's General Store.
 12081 | D:9      | Reached skill level 9 in Fighting
 12090 | D:9      | Bought a potion of invisibility for 88 gold pieces
 12313 | D:9      | Found Xocuzyog's Antique Armour Boutique.
 12414 | D:9      | Found Kaluf's Armour Shop.
 12580 | D:9      | Found a staircase to the Orcish Mines.
 13085 | D:10     | Entered Level 10 of the Dungeon
 13120 | D:10     | Reached ** piety under Cheibriados
 13222 | D:10     | Killed an unseen horror
 13223 | D:10     | Reached skill level 10 in Fighting
 13307 | D:10     | Found an ancient bone altar of Kikubaaqudgha.
 13529 | D:10     | Found a sparkling altar of Nemelex Xobeh.
 14228 | D:11     | Killed an unseen horror
 14277 | D:11     | Noticed Maurice
 14350 | D:11     | Noticed a kobold demonologist
 14360 | D:11     | Noticed a kobold demonologist
 14518 | D:11     | Killed a kobold demonologist
 14525 | D:11     | Noticed a sun demon
 14538 | D:11     | Noticed a sixfirhy
 14539 | D:11     | Killed a kobold demonologist
 14714 | D:11     | Noticed a guardian serpent
 14720 | D:11     | Found a staircase to the Lair.
 14720 | D:11     | Noticed a skeletal warrior
 14720 | D:11     | Noticed a skeletal warrior
 14720 | D:11     | Noticed a skeletal warrior
 14720 | D:11     | Noticed a skeletal warrior
 14723 | D:11     | Noticed a two-headed ogre
 14728 | D:11     | Noticed a cyclops
 15823 | D:11     | Reached XP level 11. HP: 82/82 MP: 14/14
 16110 | D:11     | Slain by a wyvern

Illustrated notes

Levels and vault maps discovered:
D:1:      nicolae_arrival_kraken_aquarium_b, layout_basic, serial_shops,
          nicolae_shop_behind_doors
D:2:      layout_basic, shapermc_ecumenical_altar_gd, hex_intersection,
          minmay_increasing_density, uniq_robin, uniq_natasha
D:3:      wad_lake_hut, layout_loops_ring, serial_co_window_serial,
          co_window_paths_a, co_window_paths_a, co_window_paths_b,
          co_window_paths_a, co_window_paths_b, co_window_of_opportunity_b,
          co_window_unsneaky_path_e, co_window_cross_2, co_window_broadway_a,
          co_window_2corner, co_window_corner_b, glass_columns_c,
          glass_columns_a, glass_columns_a, glass_columns_c, glass_columns_b,
          uniq_jessica
D:4:      layout_gridville
D:5:      layout_loops_cross, minmay_temple_entry_ruins, serial_shops, shop,
          minmay_misc_feat_nine_boxes
D:6:      layout_basic, serial_shops, nicolae_shop_window_shopping
D:7:      layout_loops_cross, kennysheep_mini, chequers_serial_rivers_micro_a,
          uniq_pikel
D:8:      layout_basic, lemuel_coloured_pillars_altar, jmf_multi_god_temple
D:9:      layout_stronghold, orc_0_dummy, serial_shops, shop,
          nicolae_shop_crystal, nicolae_shop_overgrown_old_shop
D:10:     layout_rooms, amethyst_overflow_temple_binary
D:11:     nrook_guardian_serpent_snake_passage, layout_basic,
          minmay_lair_entry_grove, kennysheep_opposing_triangles, uniq_maurice
Temple:   nicolae_temple_elliptical

Skill      XL: |  1  2  3  4  5  6  7  8  9 10 11 |
---------------+----------------------------------+-----
Stealth        | 1 |  1.0
Fighting       | 2 3 4 5 6 8 10 | 10.4
Transmutations | 4 6 8 |  8.0
Ice Magic      | 4 7 8 |  8.0
Unarmed Combat | 5 |  5.9
Invocations    | 4 5 |  5.0
Poison Magic   | 2 |  2.4
Dodging        | |  2.0
Spellcasting   | |  2.0
Conjurations   | |  0.3
Air Magic      | |  0.3

Action                   |  1- 3 |  4- 6 |  7- 9 | 10-12 || total
-------------------------+-------+-------+-------+-------++-------
Melee: Unarmed           |    87 |   123 |   231 |   175 ||   616
       Kick              |    33 |    37 |    54 |       ||   124
       Constrict         |    26 |    29 |    32 |       ||    87
       Tentacles         |    19 |    26 |    37 |       ||    82
       Punch             |     2 |     2 |     8 |       ||    12
 Fire: Sling             |       |       |     2 |       ||     2
 Cast: Beastly Appendage |    26 |    33 |    25 |       ||    84
       Wereblood         |       |     4 |       |     1 ||     5
       Ice Form          |       |       |    25 |    30 ||    55
Evoke: Wand              |       |    11 |    27 |    22 ||    60
  Use: Scroll            |     6 |     3 |     6 |    12 ||    27
       Potion            |       |     1 |     1 |     6 ||     8
 Stab: Sleeping          |    10 |     7 |     2 |     2 ||    21
Armor: Skin              |     9 |     4 |    51 |   110 ||   174
Dodge: Dodged            |    48 |    60 |   123 |   100 ||   331

Table legend: (Time is in decaauts)
 A = Elapsed time spent in this place.
 B = Non-inter-level travel time spent in this place.
 C = Inter-level travel time spent in this place.
 D = Time resting spent in this place.
 E = Time spent auto-exploring this place.
 F = Levels seen in this place.
 G = Mean time per level.
                   A        B        C        D        E       F      G
               +--------+--------+--------+--------+--------+-----+--------+
         Total |  17340 |  15885 |   1455 |   3140 |  10581 |  12 | 1445.0 |
       Dungeon |  17183 |  15751 |   1432 |   3140 |  10463 |  11 | 1562.1 |
        Temple |    156 |    133 |     23 |      0 |    118 |   1 |  156.0 |
               +--------+--------+--------+--------+--------+-----+--------+

Top non-repeatable levels by time:
     D:2: 2152 daAuts
     D:9: 1791 daAuts
     D:8: 1722 daAuts
    D:10: 1659 daAuts
     D:1: 1659 daAuts
     D:6: 1560 daAuts
     D:3: 1487 daAuts
     D:4: 1481 daAuts
     D:5: 1304 daAuts
     D:7: 1207 daAuts
    D:11: 1156 daAuts
  Temple: 156 daAuts
